ITL
RICHMOND FLAIRS @ WABA DUCKS
04/27/2028
 
TOP OF THE 1ST
Richmond Flairs batting - Pitching for Waba Ducks : RHP Nathan Walters
Pitching: RHP Nathan Walters
Batting: RHB Javier Rentería 0-0: Swinging Strike
0-1: Swinging Strike
0-2: Strikes out swinging
Batting: RHB Freddy Padilla 0-0: SINGLE (Flyball, 9S)
Batting: RHB R.J. Crosby 0-0: DOUBLE (Flyball, 78D)
Freddy Padilla to third
Batting: LHB Sean Nicks 0-0: Called Strike
0-1: Ball
1-1: Called Strike
1-2: Strikes out looking
Batting: RHB Rafael Carreón 0-0: Called Strike
0-1: Foul Ball, location: 2F
0-2: Fly out, F4 (Popup, 4MS)
Top of the 1st over - 0 run(s), 2 hit(s), 0 error(s), 2 left on base; Richmond 0 - Waba 0
BOTTOM OF THE 1ST
Waba Ducks batting - Pitching for Richmond Flairs : RHP Curt Watkins
Pitching: RHP Curt Watkins
Batting: LHB José Rodríguez 0-0: Ball
1-0: Swinging Strike
1-1: Ball
2-1: SINGLE (Groundball, 3D)
Batting: RHB Pedro Molina 0-0: Called Strike
0-1: Foul Ball, location: 2F
0-2: Strikes out swinging
Batting: SHB Alonso Ferreira 0-0: Called Strike
0-1: Foul Ball, location: 2F
0-2: Foul Ball, location: 2F
0-2: Ball
1-2: Reached on error, E4 (Groundball, 34)
José Rodríguez to second
Batting: LHB Sammy Marshall 0-0: Fly out, F8 (Line Drive, 89D)
Runner from 2nd tags up, SAFE at 3rd, no throw
Batting: RHB Eduardo García 0-0: Ball
1-0: Foul Ball, location: 2F
1-1: Called Strike
1-2: Strikes out swinging
Bottom of the 1st over - 0 run(s), 1 hit(s), 1 error(s), 2 left on base; Richmond 0 - Waba 0
TOP OF THE 2ND
Richmond Flairs batting - Pitching for Waba Ducks : RHP Nathan Walters
Batting: RHB Elliott Johnston 0-0: Foul Ball, location: 2F
0-1: Foul Ball, location: 2F
0-2: Strikes out looking
Batting: RHB Liangde Que 0-0: Ball
1-0: Ball
2-0: SINGLE (Line Drive, 78M)
Batting: LHB R.J. Courtney 0-0: Ball
1-0: Ball
2-0: Called Strike
2-1: Ball
3-1: Foul Ball, location: 2F
3-2: 2-RUN HOME RUN (Flyball, 78XD), Distance : 372 ft
Batting: RHB Christian Hudson 0-0: Foul Ball, location: 2F
0-1: Ball
1-1: Ball
2-1: Foul Ball, location: 2F
2-2: Ball
3-2: Ground out 6-3 (Groundball, 56)
Batting: RHB Javier Rentería 0-0: SINGLE (Groundball, 6MD)
Batting: RHB Freddy Padilla 0-0: Ball
1-0: Ball
2-0: Called Strike
2-1: Called Strike
2-2: DOUBLE (Line Drive, 9LM)
Javier Rentería to third
Javier Rentería scores
Batting: RHB R.J. Crosby 0-0: Foul Ball, location: 2F
0-1: Ground out 4-3 (Groundball, 4S)
Top of the 2nd over - 3 run(s), 4 hit(s), 0 error(s), 1 left on base; Richmond 3 - Waba 0
BOTTOM OF THE 2ND
Waba Ducks batting - Pitching for Richmond Flairs : RHP Curt Watkins
Batting: RHB Jeremy Flemming 0-0: Ground out 6-3 (Groundball, 6)
Batting: RHB Kelly Graham 0-0: Foul Ball, location: 2F
0-1: Called Strike
0-2: Ball
1-2: Ball
2-2: Strikes out swinging
Batting: RHB Paul Spencer 0-0: SINGLE (Groundball, 6MD)
Batting: RHB Ángelo García 0-0: Swinging Strike
0-1: Ball
1-1: Ground out 1-3 (Groundball, 15)
Bottom of the 2nd over - 0 run(s), 1 hit(s), 0 error(s), 1 left on base; Richmond 3 - Waba 0
TOP OF THE 3RD
Richmond Flairs batting - Pitching for Waba Ducks : RHP Nathan Walters
Batting: LHB Sean Nicks 0-0: Ball
1-0: Ball
2-0: Called Strike
2-1: Swinging Strike
2-2: Strikes out looking
Batting: RHB Rafael Carreón 0-0: Foul Ball, location: 2F
0-1: Called Strike
0-2: Ball
1-2: Strikes out looking
Batting: RHB Elliott Johnston 0-0: Ball
1-0: Ball
2-0: Called Strike
2-1: Foul Ball, location: 2F
2-2: Strikes out swinging
Top of the 3rd over - 0 run(s), 0 hit(s), 0 error(s), 0 left on base; Richmond 3 - Waba 0
BOTTOM OF THE 3RD
Waba Ducks batting - Pitching for Richmond Flairs : RHP Curt Watkins
Batting: LHB José Rodríguez 0-0: Ball
1-0: Ball
2-0: Ball
3-0: Foul Ball, location: 2F
3-1: Base on Balls
Batting: RHB Pedro Molina 0-0: Foul Ball, location: 2F
0-1: Called Strike
0-2: Ball
1-2: SINGLE (Line Drive, 8LS)
José Rodríguez to second
Batting: SHB Alonso Ferreira 0-0: Ball
Pedro Molina is caught stealing 2nd base
1-0: Ball
2-0: Ground out 3-1 (Groundball, 34)
José Rodríguez scores
Batting: LHB Sammy Marshall 0-0: Ball
1-0: Swinging Strike
1-1: Foul Ball, location: 2F
1-2: Ground out 4-3 (Groundball, 4)
Bottom of the 3rd over - 1 run(s), 1 hit(s), 0 error(s), 0 left on base; Richmond 3 - Waba 1
TOP OF THE 4TH
Richmond Flairs batting - Pitching for Waba Ducks : RHP Nathan Walters
Batting: RHB Liangde Que 0-0: Foul Ball, location: 2F
0-1: Called Strike
0-2: Ball
1-2: Ball
2-2: Foul Ball, location: 2F
2-2: SOLO HOME RUN (Flyball, 8LXD), Distance : 438 ft
Batting: LHB R.J. Courtney 0-0: Called Strike
0-1: Ball
1-1: Foul Ball, location: 2F
1-2: Strikes out swinging
Batting: RHB Christian Hudson 0-0: Foul Ball, location: 2F
0-1: Foul Ball, location: 2F
0-2: Ball
1-2: SINGLE (Line Drive, 7S)
Batting: RHB Javier Rentería 0-0: Ball
1-0: Fly out, F6 (Line Drive, 6)
Batting: RHB Freddy Padilla 0-0: Ball
1-0: Ball
2-0: SINGLE (Groundball, 4MD)
Christian Hudson to second
Batting: RHB R.J. Crosby 0-0: Foul Ball, location: 2F
0-1: Ball
1-1: SINGLE (Groundball, 6MD)
Christian Hudson to third
Freddy Padilla to second
Runner from 3rd tries for Home, SAFE, no throw
Batting: LHB Sean Nicks 0-0: Called Strike
0-1: Fly out, F8 (Line Drive, 8RS)
Top of the 4th over - 2 run(s), 4 hit(s), 0 error(s), 2 left on base; Richmond 5 - Waba 1
BOTTOM OF THE 4TH
Waba Ducks batting - Pitching for Richmond Flairs : RHP Curt Watkins
Batting: RHB Eduardo García 0-0: Ball
1-0: Ball
2-0: Foul Ball, location: 2F
2-1: Foul Ball, location: 2F
2-2: Ball
3-2: Foul Ball, location: 2F
3-2: Foul Ball, location: 2F
3-2: Base on Balls
Batting: RHB Jeremy Flemming 0-0: Ball
1-0: Foul Ball, location: 2F
1-1: Ball
2-1: Called Strike
2-2: Fly out, F8 (Flyball, 8LD)
Runner from 1st tags up, SAFE at 2nd
Batting: RHB Kelly Graham 0-0: Ball
1-0: SINGLE (Line Drive, 56D)
Eduardo García to third
Runner from 3rd tries for Home, SAFE, no throw
Batting: RHB Paul Spencer 0-0: Swinging Strike
0-1: Swinging Strike
0-2: Foul Ball, location: 2F
0-2: Ball
1-2: Ball
2-2: Strikes out swinging
Batting: RHB Ángelo García 0-0: Ball
Kelly Graham is caught stealing 2nd base
Bottom of the 4th over - 1 run(s), 1 hit(s), 0 error(s), 0 left on base; Richmond 5 - Waba 2
TOP OF THE 5TH
Richmond Flairs batting - Pitching for Waba Ducks : RHP Nathan Walters
Batting: RHB Rafael Carreón 0-0: Ball
1-0: Foul Ball, location: 2F
1-1: Called Strike
1-2: Ball
2-2: Ball
3-2: Foul Ball, location: 2F
3-2: Strikes out swinging
Batting: RHB Elliott Johnston 0-0: Ball
1-0: Ball
2-0: Ball
3-0: Called Strike
3-1: Swinging Strike
3-2: Base on Balls
Batting: RHB Liangde Que 0-0: Called Strike
0-1: Ground out 5-3 (Groundball, 56S)
Elliott Johnston to second
Batting: LHB R.J. Courtney 0-0: Foul Ball, location: 2F
0-1: Ball
1-1: Ground out 4-3 (Groundball, 4)
Top of the 5th over - 0 run(s), 0 hit(s), 0 error(s), 1 left on base; Richmond 5 - Waba 2
BOTTOM OF THE 5TH
Waba Ducks batting - Pitching for Richmond Flairs : RHP Curt Watkins
Batting: RHB Ángelo García 0-0: Called Strike
0-1: Ball
1-1: Ball
2-1: Fly out, F7 (Flyball, 7)
Batting: LHB José Rodríguez 0-0: SINGLE (Groundball, 6MD)
Batting: RHB Pedro Molina 0-0: Called Strike
José Rodríguez steals 2nd base
0-1: Ball
1-1: Fly out, F7 (Flyball, 78D)
Batting: SHB Alonso Ferreira 0-0: Foul Ball, location: 2F
0-1: Fly out, F8 (Flyball, 8LS)
Bottom of the 5th over - 0 run(s), 1 hit(s), 0 error(s), 1 left on base; Richmond 5 - Waba 2
TOP OF THE 6TH
Richmond Flairs batting - Pitching for Waba Ducks : RHP Nathan Walters
Pitching: RHP Manny Benavides
Batting: RHB Christian Hudson 0-0: Called Strike
0-1: Called Strike
0-2: Ball
1-2: Strikes out looking
Batting: RHB Javier Rentería 0-0: Swinging Strike
0-1: Foul Ball, location: 2F
0-2: Ball
1-2: Strikes out looking
Batting: RHB Freddy Padilla 0-0: Foul Ball, location: 2F
0-1: Ball
1-1: Called Strike
1-2: Strikes out looking
Top of the 6th over - 0 run(s), 0 hit(s), 0 error(s), 0 left on base; Richmond 5 - Waba 2
BOTTOM OF THE 6TH
Waba Ducks batting - Pitching for Richmond Flairs : RHP Curt Watkins
Batting: LHB Sammy Marshall 0-0: Foul Ball, location: 2F
0-1: Swinging Strike
0-2: Fly out, F7 (Flyball, 7S)
Batting: RHB Eduardo García 0-0: Ball
1-0: Called Strike
1-1: Swinging Strike
1-2: Ball
2-2: Foul Ball, location: 2F
2-2: Ball
3-2: Foul Ball, location: 2F
3-2: Ground out 1-3 (Groundball, 13S)
Batting: RHB Jeremy Flemming 0-0: Ball
1-0: SINGLE (Line Drive, 9LS)
Batting: RHB Kelly Graham 0-0: Ball
1-0: Called Strike
1-1: Ground out 1-3 (Groundball, P)
Bottom of the 6th over - 0 run(s), 1 hit(s), 0 error(s), 1 left on base; Richmond 5 - Waba 2
TOP OF THE 7TH
Richmond Flairs batting - Pitching for Waba Ducks : RHP Manny Benavides
Batting: RHB R.J. Crosby 0-0: Called Strike
0-1: Ball
1-1: Ball
2-1: Foul Ball, location: 2F
2-2: Foul Ball, location: 2F
2-2: Strikes out swinging
Batting: LHB Sean Nicks 0-0: Called Strike
0-1: Ball
1-1: Ball
2-1: Fly out, F4 (Popup, 4D)
Batting: RHB Rafael Carreón 0-0: Called Strike
0-1: Ball
1-1: Foul Ball, location: 2F
1-2: Ground out 5-3 (Groundball, 56)
Top of the 7th over - 0 run(s), 0 hit(s), 0 error(s), 0 left on base; Richmond 5 - Waba 2
BOTTOM OF THE 7TH
Waba Ducks batting - Pitching for Richmond Flairs : RHP Curt Watkins
Batting: RHB Paul Spencer 0-0: Foul Ball, location: 2F
0-1: Ground out 5-3 (Groundball, 5)
Batting: RHB Ángelo García 0-0: Foul Ball, location: 2F
0-1: Foul Ball, location: 2F
0-2: Ball
1-2: Ball
2-2: Fly out, F9 (Flyball, 89D)
Batting: LHB José Rodríguez 0-0: Ball
1-0: Foul Ball, location: 2F
1-1: Swinging Strike
1-2: Strikes out swinging, 2-3 out at first.
Bottom of the 7th over - 0 run(s), 0 hit(s), 0 error(s), 0 left on base; Richmond 5 - Waba 2
TOP OF THE 8TH
Richmond Flairs batting - Pitching for Waba Ducks : RHP Manny Benavides
Batting: RHB Elliott Johnston 0-0: Ball
1-0: Ball
2-0: Ground out 6-3 (Groundball, 6)
Batting: RHB Liangde Que 0-0: Ball
1-0: Swinging Strike
1-1: Ball
2-1: Foul Ball, location: 2F
2-2: Foul Ball, location: 2F
2-2: Strikes out looking
Batting: LHB R.J. Courtney 0-0: Called Strike
0-1: Called Strike
0-2: Strikes out swinging
Top of the 8th over - 0 run(s), 0 hit(s), 0 error(s), 0 left on base; Richmond 5 - Waba 2
BOTTOM OF THE 8TH
Waba Ducks batting - Pitching for Richmond Flairs : RHP Curt Watkins
Pitching: RHP Frank Martin
Batting: RHB Pedro Molina 0-0: Swinging Strike
0-1: Ball
1-1: Ball
2-1: Swinging Strike
2-2: Strikes out looking
Batting: SHB Alonso Ferreira 0-0: Called Strike
0-1: Foul Ball, location: 2F
0-2: Ground out 6-3 (Groundball, 6)
Batting: LHB Sammy Marshall 0-0: Ball
1-0: Ground out U3 (Groundball, 3)
Bottom of the 8th over - 0 run(s), 0 hit(s), 0 error(s), 0 left on base; Richmond 5 - Waba 2
TOP OF THE 9TH
Richmond Flairs batting - Pitching for Waba Ducks : RHP Manny Benavides
Batting: RHB Christian Hudson 0-0: Ball
1-0: Called Strike
1-1: Foul Ball, location: 2F
1-2: Strikes out looking
Batting: RHB Javier Rentería 0-0: Ball
1-0: Ball
2-0: Swinging Strike
2-1: Swinging Strike
2-2: Ground out 6-3 (Groundball, 6)
Batting: RHB Freddy Padilla 0-0: SINGLE (Groundball, 56D)
Batting: RHB R.J. Crosby 0-0: Ball
1-0: SINGLE (Groundball, 4MD)
Freddy Padilla to second
Pitching: RHP Bartolo Romo
Batting: LHB Sean Nicks 0-0: Ball
1-0: Ball
2-0: SINGLE (Groundball, 5D)
Freddy Padilla to third
R.J. Crosby to second
Runner from 3rd tries for Home, SAFE, no throw
Batting: RHB Rafael Carreón 0-0: Swinging Strike
0-1: Ball
1-1: Ball
2-1: Ball
3-1: Called Strike
3-2: Foul Ball, location: 2F
3-2: Base on Balls
R.J. Crosby to third
Sean Nicks to second
Batting: RHB Elliott Johnston 0-0: Called Strike
0-1: Ball
1-1: Foul Ball, location: 2F
1-2: Strikes out swinging
Top of the 9th over - 1 run(s), 3 hit(s), 0 error(s), 3 left on base; Richmond 6 - Waba 2
BOTTOM OF THE 9TH
Waba Ducks batting - Pitching for Richmond Flairs : RHP Frank Martin
Batting: RHB Eduardo García 0-0: Ball
1-0: Called Strike
1-1: Swinging Strike
1-2: Strikes out swinging
Batting: RHB Jeremy Flemming 0-0: Fly out, F9 (Flyball, 9LS)
Batting: RHB Kelly Graham 0-0: Ball
1-0: Ground out 6-3 (Groundball, 6)
Bottom of the 9th over - 0 run(s), 0 hit(s), 0 error(s), 0 left on base; Richmond 6 - Waba 2
Tuesday, August 8th, 2017 - OOTP Baseball 17.12 Build 75